 Dungeon Crawl Stone Soup version 0.30-a0-389-g8d7d949f56 (webtiles) character file.

Game seed: 6762598724196909300

5770 pokeman the Thaumaturge (level 10, -9/55 HPs)
             Began as a Deep Elf Hedge Wizard on Dec 3, 2022.
             Was a Believer of Vehumet.
             Mangled by a two-headed ogre
             ... wielding a +0 giant spiked club
              (20 damage)
             ... on level 10 of the Dungeon.
             The game lasted 00:22:52 (10009 turns).

pokeman the Thaumaturge (Deep Elf Hedge Wizard)    Turns: 10009, Time: 00:22:53

Health: -9/55      AC:  9    Str:  7    XL:     10   Next: 49%
Magic:  9/30       EV: 12    Int: 30    God:    Vehumet [**....]
Gold:   514        SH:  0    Dex: 14    Spells: 25/37 levels left

rFire   + . .      SeeInvis .    z - +10 dagger "Luaz" {freeze, rF+}
rCold   . . .      Faith    .    (no shield)
rNeg    . . .      Spirit   .    j - +3 leather armour
rPois   .          Reflect  .    c - +0 hat
rElec   .          Harm     .    u - +0 cloak
rCorr   +          Rampage  .    f - +0 pair of gloves
Will    ++...                    (no boots)
Stlth   ++........               (no amulet)
HPRegen 0.29/turn                N - ring of the Salmon {Will+ Int+6}
MPRegen 0.22/turn                l - ring of resist corrosion

@: lethally poisoned (-9 -> -11), on blink cooldown
A: no striking features
a: Renounce Religion


You were on level 10 of the Dungeon.
You worshipped Vehumet.
Vehumet was pleased with you.
You visited 2 branches of the dungeon, and saw 11 of its levels.

You collected 514 gold pieces.

Inventory:

Hand Weapons
 t - a +4 quarterstaff of chaos
 z - the +10 dagger "Luaz" (weapon) {freeze, rF+}
   (You found it on level 5 of the Dungeon)

   It freezes those it strikes, dealing additional cold damage.
   It can also slow down cold-blooded creatures.
   rF:        It protects you from fire.
 M - the +7 trident "Mofyismi" {drain, *Rage *Noise rN+ Int+7}
   (You found it on level 9 of the Dungeon)

   A truly terrible weapon, it drains the life of any living foe it strikes.
   Int:       It affects your intelligence (+7).
   rN:        It protects you from negative energy.
   *Noise:    It may make noises in combat.
   *Rage:     It berserks you when you make melee attacks (+20% chance).
 R - the +3 broad axe of Zizeqyd {protect, rElec rC+ rN+}
   (You found it on level 9 of the Dungeon)

   It grants its wielder temporary protection when it strikes (+7 to AC).
   rC:        It protects you from cold.
   rElec:     It insulates you from electricity.
   rN:        It protects you from negative energy.
Missiles
 F - 7 curare-tipped darts
 H - a throwing net
Armour
 c - a +0 hat (worn)
 f - a +0 pair of gloves (worn)
 j - a +3 leather armour (worn)
 u - a +0 cloak (worn)
 J - +0 acid dragon scales
 Q - a +0 robe of fire resistance
Jewellery
 h - a +6 ring of dexterity
 l - a ring of resist corrosion (right hand)
 G - a ring of wizardry
 N - the ring of the Salmon (left hand) {Will+ Int+6}
   (You found it on level 9 of the Dungeon)

   [ring of intelligence]

   Int:       It affects your intelligence (+6).
   Will:      It increases your willpower.
Wands
 s - a wand of flame (15)
 y - a wand of roots (24)
 T - a wand of paralysis (2)
Scrolls
 a - a scroll of summoning {unknown}
 e - 3 scrolls of noise {unknown}
 i - 8 scrolls of identify {unknown}
 k - 4 scrolls of teleportation {unknown}
 o - a scroll of torment {unknown}
 p - a scroll of brand weapon {unknown}
 q - 2 scrolls of enchant armour {unknown}
 r - a scroll of immolation {unknown}
 D - 2 scrolls of fear {unknown}
 E - a scroll of blinking {unknown}
 I - 2 scrolls of vulnerability {unknown}
 K - a scroll of amnesia {unknown}
 L - a scroll of silence {unknown}
 P - a scroll of poison {unknown}
Potions
 b - a potion of heal wounds
 d - 3 potions of magic
 g - 2 potions of curing {unknown}
 m - 3 potions of flight {unknown}
 n - 2 potions of attraction {unknown}
 v - a potion of degeneration {unknown}
 w - a potion of brilliance {unknown}
 x - a potion of ambrosia {unknown}
 A - a potion of might {unknown}
 B - 2 potions of cancellation {unknown}
 C - 2 potions of berserk rage {unknown}
 S - a potion of invisibility {unknown}
Miscellaneous
 O - a box of beasts


   Skills:
 + Level 2.9 Fighting
 - Level 5.0 Armour
 - Level 3.0 Dodging
 - Level 3.1 Stealth
 * Level 14.2 Spellcasting
 + Level 9.2 Conjurations
 - Level 1.1 Summonings
 - Level 1.1 Translocations
 + Level 2.2 Fire Magic
 - Level 1.0 Air Magic
 - Level 1.1 Earth Magic
 - Level 1.0 Poison Magic
 - Level 1.0 Evocations


You had 25 spell levels left.
You knew the following spells:

 Your Spells              Type           Power      Damage    Failure   Level
a - Magic Dart            Conj           100%       1d8       1%          1
b - Mephitic Cloud        Conj/Pois/Air  43%        N/A       1%          3
c - Call Imp              Summ           28%        N/A       3%          2
d - Blink                 Tloc           56%        N/A       3%          2
e - Stone Arrow           Conj/Erth      100%       3d13      1%          3
f - Foxfire               Conj/Fire      100%       2x1d9     1%          1

Your spell library contained the following spells:

 Spells                   Type           Power      Damage    Failure   Level
 Momentum Strike          Conj/Tloc      100%       3d10      1%          2
 Apportation              Tloc           56%        N/A       1%          1
 Sandblast                Erth           56%        2d13      1%          1
 Summon Small Mammal      Summ           100%       N/A       1%          1
 Dazzling Flash           Conj/Hex       96%        N/A       1%          3
 Necrotise                Necr           84%        1d8       3%          1
 Slow                     Hex            84%        N/A       3%          1
 Cigotuvi's Dreadful Rot  Necr/Pois/Air  50%        N/A       3%          2
 Passwall                 Tmut/Erth      20%        N/A       3%          2
 Teleport Other           Tloc           28%        N/A       6%          3
 Frozen Ramparts          Ice            42%        1d7       10%         3
 Passage of Golubria      Tloc           28%        N/A       21%         4
 Summon Ice Beast         Ice/Summ       24%        N/A       26%         4
 Ice Form                 Ice/Tmut       21%        N/A       32%         4
 Summon Forest            Summ/Tloc      14%        N/A       50%         5


Dungeon Overview and Level Annotations

Branches:
Dungeon (10/15)            Temple (1/1) D:5
   Lair: D:8-11         Orc: D:9-12

Altars:
Ashenzari
Cheibriados
Dithmenos
Elyvilon
Gozag
Hepliaklqana
Kikubaaqudgha
Makhleb
Nemelex Xobeh
Okawaru
Qazlal
Ru
Sif Muna
Trog
Uskayaw
Vehumet
Wu Jian
Xom
Yredelemnul
Zin
The Shining One

Shops:
D:4 [   D:5 :   D:9 *


Message History

The killer bee is engulfed in noxious fumes.
The killer bee appears confused.
The killer bee barely misses you. The yak gores you but does no damage.
The yak is engulfed in noxious fumes.
The tengu conjurer is engulfed in noxious fumes.
The tengu conjurer hits the yak.
The tengu conjurer closely misses the yak.
The tengu conjurer barely misses the yak.
The yak is engulfed in noxious fumes.
The killer bee is engulfed in noxious fumes.
The killer bee appears confused.
The killer bee stings you.
You are poisoned.
The killer bee poisons you!
The killer bee barely misses itself.
You feel sick.
The yak is engulfed in noxious fumes.
The yak appears confused.
The yak barely misses the killer bee.
The killer bee is engulfed in noxious fumes.
The killer bee appears confused.
Unknown command.
You feel sick.
The killer bee stings the tengu conjurer.
The tengu conjurer is engulfed in noxious fumes.
The tengu conjurer appears confused.
The yak is engulfed in noxious fumes.
The yak appears confused.
A two-headed ogre comes into view.
It is wielding a +0 giant spiked club and a +0 dire flail.
The yak attacks as you move away! The yak gores you.
* * * LOW HITPOINT WARNING * * *
You feel sick.
The yak gores the yak.
The killer bee stings the tengu conjurer.
Unknown command.
Casting: Mephitic Cloud (safe; 1% risk of failure)
Confirm with . or Enter, or press ? or * to list all spells.
You blink.
You feel sick.
The killer bee stings the yak!
The yak is poisoned.
The killer bee poisons the yak!
The tengu conjurer hits the yak.
The tengu conjurer pecks the yak but does no damage.
The tengu conjurer claws the yak but does no damage.
The tengu conjurer hits itself!
The tengu conjurer pecks itself but does no damage.
The tengu conjurer barely misses itself.
The yak barely misses the yak.
The two-headed ogre hits you with a +0 giant spiked club!!
You die...

#.####.#
#......######
#..###.......# #.##
#.......# #.
#....§..# #.
#...Q.Y.# #)
#....yY.# #.
#...Y†..# #...@Y..#
#######O####
#.##.......#######.
...................
#######†#########.#
#... ##.## .Q. #.#


You could see a two-headed ogre, 4 yaks, a tengu conjurer (confused) and a
killer bee (confused).

Vanquished Creatures
  An ugly thing (D:8)
  A gargoyle (D:10)
  2 hornets
  Sigmund (D:3)
  5 yaks
  An acid dragon (D:8)
  Duvessa (D:4)
  2 orc warriors
  2 ice beasts
  A black bear (D:4)
  3 ogres
  A centaur (D:5)
  2 kobold brigands
  A gnoll sergeant (D:9)
  4 bullfrogs
  2 necrophages (D:8)
  2 scorpions (D:6)
  10 wights
  Dowan (D:4)
  2 killer bees (D:10)
  7 howler monkeys
  3 jellies
  6 hounds
  5 orc priests
  Crazy Yiuf (D:3)
  Ijyb (D:5)
  Natasha (thrice) (D:3)
  3 iguanas
  8 orc wizards
  7 gnolls
  12 adders
  A shadow imp (D:8)
  3 white imps
  An ufetubus (D:5)
  2 worms (D:2)
  3 dart slugs
  40 orcs
  6 endoplasms
  2 giant cockroaches
  6 goblins
  6 hobgoblins
  13 jackals
  24 kobolds
  2 quokkas
  6 ball pythons
  4 bats
  14 frilled lizards
  5 rats
239 creatures vanquished.

Vanquished Creatures (others)
  A kobold brigand (D:7)
  240 foxfires
  4 plants (D:3)
245 creatures vanquished.

Grand Total: 484 creatures vanquished

Notes
Turn   | Place    | Note
-------+----------+-------------------------------------------
     0 | D:1      | pokeman the Deep Elf Hedge Wizard began the quest for the
                  | Orb.
     0 | D:1      | Reached XP level 1. HP: 10/10 MP: 7/7
   381 | D:1      | Reached XP level 2. HP: 16/16 MP: 3/9
  1081 | D:1      | Reached skill level 5 in Spellcasting
  1539 | D:2      | Reached XP level 3. HP: 14/20 MP: 4/11
  1543 | D:2      | Learned a level 3 spell: Mephitic Cloud
  1546 | D:2      | Learned a level 2 spell: Call Imp
  1549 | D:2      | Learned a level 2 spell: Blink
  1714 | D:2      | Reached skill level 1 in Fighting
  1714 | D:2      | Reached skill level 1 in Armour
  2296 | D:3      | Reached XP level 4. HP: 25/25 MP: 6/13
  2803 | D:3      | Noticed Natasha
  2809 | D:3      | Killed Natasha
  2810 | D:3      | Reached skill level 6 in Spellcasting
  2810 | D:3      | Reached XP level 5. HP: 24/29 MP: 6/15
  2859 | D:3      | Noticed Natasha
  2868 | D:3      | Killed Natasha
  2881 | D:3      | Noticed Natasha
  2893 | D:3      | Killed Natasha
  3080 | D:3      | Learned a level 3 spell: Stone Arrow
  3102 | D:3      | Found an ornate altar of the Wu Jian Council.
  3191 | D:3      | Noticed Sigmund
  3199 | D:3      | Killed Sigmund
  3200 | D:3      | Reached XP level 6. HP: 29/34 MP: 14/17
  3342 | D:3      | Found a runed translucent door.
  3343 | D:3      | Noticed Crazy Yiuf
  3359 | D:3      | Killed Crazy Yiuf
  3360 | D:3      | Reached skill level 1 in Poison Magic
  3520 | D:4      | Reached skill level 1 in Air Magic
  3639 | D:4      | Noticed Duvessa
  3642 | D:4      | Noticed Dowan
  3652 | D:4      | Killed Duvessa
  3653 | D:4      | Reached skill level 7 in Spellcasting
  3653 | D:4      | Reached skill level 5 in Conjurations
  3653 | D:4      | Reached skill level 1 in Earth Magic
  3653 | D:4      | Reached skill level 1 in Evocations
  3653 | D:4      | Reached XP level 7. HP: 24/38 MP: 12/19
  3663 | D:4      | Killed Dowan
  3892 | D:4      | Found Wesyp's Antique Armour Shop.
  4001 | D:4      | Found a white marble altar of Elyvilon.
  4061 | D:4      | Found a glowing golden altar of the Shining One.
  4326 | D:4      | Found a hazy altar of Hepliaklqana.
  4326 | D:4      | Found a hide-covered altar of Uskayaw.
  4327 | D:4      | Found an ancient bone altar of Kikubaaqudgha.
  4483 | D:5      | Entered Level 5 of the Dungeon
  4483 | D:5      | Noticed Ijyb
  4494 | D:5      | Killed Ijyb
  4517 | D:5      | Reached skill level 8 in Spellcasting
  4706 | D:5      | Identified the +10 dagger "Luaz" {freeze, rF+}
  4722 | D:5      | Reached XP level 8. HP: 33/44 MP: 17/22
  4802 | D:5      | Reached skill level 9 in Spellcasting
  4853 | D:5      | Got the Grimoire of the Old World
  4900 | D:5      | Found Biqewk's Book Emporium.
  5108 | D:5      | Found a shadowy altar of Dithmenos.
  5129 | D:5      | Identified the +8 flail of Adiadgh {antimagic, *Slow Fly
                  | rPois Str+2}
  5236 | D:5      | Found a staircase to the Ecumenical Temple.
  5243 | Temple   | Entered the Ecumenical Temple
  5280 | Temple   | Became a worshipper of Vehumet
  6378 | D:6      | Reached skill level 10 in Spellcasting
  6465 | D:6      | Found a sparkling altar of Nemelex Xobeh.
  7178 | D:7      | Reached XP level 9. HP: 26/48 MP: 8/25
  7185 | D:7      | Reached * piety under Vehumet
  7185 | D:7      | Offered knowledge of Foxfire by Vehumet.
  7192 | D:6      | Learned a level 1 spell: Foxfire
  7357 | D:7      | Found a shimmering altar of Xom.
  7462 | D:7      | Reached skill level 11 in Spellcasting
  7996 | D:8      | Reached skill level 12 in Spellcasting
  8136 | D:8      | Found a basalt altar of Yredelemnul.
  8403 | D:8      | Offered knowledge of Shock by Vehumet.
  8525 | D:8      | Noticed a green ugly thing
  8550 | D:8      | Killed a green ugly thing
  8551 | D:8      | Reached skill level 13 in Spellcasting
  8923 | D:9      | Reached XP level 10. HP: 41/50 MP: 13/29
  9112 | D:9      | Identified the +7 trident "Mofyismi" {drain, *Rage *Noise
                  | rN+ Int+7}
  9143 | D:9      | Identified the ring of the Salmon {Will+ Int+6}
  9186 | D:9      | Reached ** piety under Vehumet
  9299 | D:9      | Reached skill level 5 in Armour
  9428 | D:9      | Identified the +3 broad axe of Zizeqyd {protect, rElec rC+
                  | rN+}
  9434 | D:9      | Found Gozag's Platinum Reserve.
  9434 | D:9      | Found an opulent altar of Gozag.
  9666 | D:9      | Reached skill level 1 in Fire Magic
  9843 | D:9      | Found a snail-covered altar of Cheibriados.
  9940 | D:10     | Entered Level 10 of the Dungeon
  9987 | D:10     | Reached skill level 14 in Spellcasting
  9989 | D:10     | Noticed a gargoyle
  9997 | D:10     | HP: 1/54 [tengu conjurer (6)]
 10000 | D:10     | Killed a gargoyle
 10002 | D:10     | Offered knowledge of Momentum Strike by Vehumet.
 10007 | D:10     | Noticed a two-headed ogre
 10009 | D:10     | Mangled by a two-headed ogre

Illustrated notes

Levels and vault maps discovered:
D:1:      matt_arrival_diagonals, layout_basic
D:2:      layout_basic, solitary_fountain
D:3:      layout_rooms, nicolae_wu_jian_immortal_techniques, minmay_lizard_king,
          uniq_natasha, uniq_crazy_yiuf_cottage, uniq_sigmund
D:4:      layout_rooms, mainiacjoe_overflow_alcove_1,
          nicolae_tso_swordbearing_angel, nicolae_overflow_hidden_temple,
          serial_shops, nicolae_shop_overgrown_old_shop, serial_bayou,
          serial_bayou_pond_a, serial_bayou_pond_e, serial_bayou_pond_d,
          serial_bayou_pond_e, nicolae_kite_square_tiling_tiny, uniq_duvessa
D:5:      layout_basic, lemuel_round_altar, minmay_temple_entry_fiery,
          serial_shops, kennysheep_mini, uniq_ijyb
D:6:      layout_layer_cave, lemuel_tele_altar, minmay_door_square
D:7:      layout_cave_pools, lemuel_doored_altar, grunt_ogre_cave,
          minmay_misc_feat_tower
D:8:      layout_cave_pools, mainiacjoe_overflow_concentric_impassable
D:9:      layout_loops_ring, nicolae_gozag_zags_fifth_avenue,
          cheibriados_altar_1
D:10:     minmay_the_grid_3x3 [minmay_the_grid_minigrid_medium,
          minmay_the_grid_mess, minmay_the_grid_square_x,
          minmay_the_grid_spin_star, minmay_the_grid_rooms,
          minmay_the_grid_paths, minmay_the_grid_slots, minmay_the_grid_x,
          minmay_the_grid_prize_big_room], layout_loops_cross, uniq_josephine
Temple:   nicolae_temple_bog_church

Skill      XL: |  1  2  3  4  5  6  7  8  9 10 |
---------------+-------------------------------+-----
Spellcasting   | 5 6 7 8 10 13 14 | 14.2
Fighting       | 1 2 |  2.9
Armour         | 1 3 4 5 |  5.0
Conjurations   | 2 4 5 7 8 9 |  9.2
Dodging        | 3 |  3.0
Stealth        | 3 |  3.1
Poison Magic   | 1 |  1.0
Air Magic      | 1 |  1.0
Earth Magic    | 1 |  1.1
Evocations     | 1 |  1.0
Fire Magic     | 2 |  2.2
Summonings     | |  1.1
Translocations | |  1.1

Action                   |  1- 3 |  4- 6 |  7- 9 | 10-12 || total
-------------------------+-------+-------+-------+-------++-------
Melee: Dagger            |     6 |    10 |    62 |    38 ||   116
       Hand axe          |       |     7 |       |       ||     7
       Quarterstaff      |       |    26 |    46 |       ||    72
 Cast: Magic Dart        |   109 |    75 |   156 |       ||   340
       Mephitic Cloud    |       |     7 |    20 |     7 ||    34
       Call Imp          |       |     1 |       |       ||     1
       Stone Arrow       |       |       |    16 |    18 ||    34
       Blink             |       |       |     2 |     3 ||     5
       Foxfire           |       |       |    94 |    43 ||   137
  Use: Potion            |       |       |       |     1 ||     1
 Stab: Confused          |       |     8 |    13 |     1 ||    22
Armor: Leather armour    |    11 |    42 |    77 |    20 ||   150
Dodge: Dodged            |    21 |    79 |   115 |    39 ||   254

Table legend: (Time is in decaauts)
 A = Elapsed time spent in this place.
 B = Non-inter-level travel time spent in this place.
 C = Inter-level travel time spent in this place.
 D = Time resting spent in this place.
 E = Time spent auto-exploring this place.
 F = Levels seen in this place.
 G = Mean time per level.
                   A        B        C        D        E       F      G
               +--------+--------+--------+--------+--------+-----+--------+
         Total |  10031 |   9732 |    299 |    418 |   7872 |  11 |  911.9 |
       Dungeon |   9982 |   9702 |    280 |    418 |   7851 |  10 |  998.2 |
        Temple |     49 |     30 |     19 |      0 |     21 |   1 |   49.0 |
               +--------+--------+--------+--------+--------+-----+--------+

Top non-repeatable levels by time:
     D:6: 1442 daAuts
     D:1: 1349 daAuts
     D:3: 1220 daAuts
     D:5: 1189 daAuts
     D:8: 1030 daAuts
     D:4: 1001 daAuts
     D:2: 940 daAuts
     D:9: 924 daAuts
     D:7: 816 daAuts
    D:10: 69 daAuts
  Temple: 49 daAuts
